 Dungeon Crawl Stone Soup version 0.30-a0-916-g9813417 (webtiles) character file.

Game seed: 4306511781439825898

111862 Illumine the Fighter (level 16, -1/136 HPs)
             Began as a Vine Stalker Fighter on Mar 19, 2023.
             Was the Champion of Wu Jian.
             Succumbed to an emperor scorpion's poison
             ... on level 2 of the Spider Nest.
             The game lasted 00:46:48 (24037 turns).

Illumine the Fighter (Vine Stalker Fighter)        Turns: 24037, Time: 00:46:49

Health: -1/136     AC: 12    Str: 24    XL:     16   Next: 58%
Magic:  30/30      EV: 20    Int: 13    God:    Wu Jian [******]
Gold:   1733       SH:  5    Dex: 23    Spells: 33/33 levels left

rFire   + . .      SeeInvis .    a - +7 dagger (elec)
rCold   + . .      Faith    .    (no shield)
rNeg    . . .      Spirit   +    T - +3 ring mail of Melancholy {Int+5}
rPois   +          Reflect  +    r - +1 helmet
rElec   +          Rampage  .    o - scarf of Starshine {shadows, Will+ Dex+3 Slay+3}
rCorr   .          NoCast   +    q - +2 pair of gloves of the Bouncing Bounties {-Cast rF+ rC+ Str+3}
Will    ++++.                    (no boots) Stlth
                                 B - amulet of Doho {Reflect rElec Will+ SH+5}
HPRegen 1.22/turn                v - +4 ring of slaying
MPRegen 0.22/turn                e - ring of poison resistance

@: berserking, lethally poisoned (-1 -> -26), corroded, studying Throwing, very
quick
A: fangs 3, regeneration 1, magic shield, antimagic bite, no potion heal 2
a: Renounce Religion, Wall Jump, Serpent's Lash, Heavenly Storm


You were on level 2 of the Spider Nest.
You worshipped Wu Jian.
Wu Jian was exalted by your worship.
You visited 5 branches of the dungeon, and saw 25 of its levels.
You also visited: Sewer and Gauntlet.

You collected 2650 gold pieces.
You spent 917 gold pieces at shops.

Inventory:

Hand Weapons
 a - a +7 dagger of electrocution (weapon)
 b - the +27 heavy crossbow "Sniper" {heavy, Acc+∞ SInv}
   (You found it on level 10 of the Dungeon)

   Acc+∞: It never misses its target.
   SInv:      It lets you see invisible.
 h - a +4 scimitar of flaming
Armour
 o - the scarf of Starshine (worn) {shadows, Will+ Dex+3 Slay+3}
   (You found it on level 2 of the Dungeon)

   Dex:       It affects your dexterity (+3).
   Slay:      It affects your accuracy & damage with ranged weapons and melee
   (+3).
   Will:      It increases your willpower.
 q - the +2 pair of gloves of the Bouncing Bounties (worn) {-Cast rF+ rC+ Str+3}
   (You found it in a Gauntlet)

   Str:       It affects your strength (+3).
   rF:        It protects you from fire.
   rC:        It protects you from cold.
   -Cast:     It prevents spellcasting.
 r - a +1 helmet (worn)
 T - the +3 ring mail of Melancholy (worn) {Int+5}
   (You found it on level 4 of the Lair of Beasts)

   Int:       It affects your intelligence (+5).
Jewellery
 c - a +5 ring of evasion
 e - a ring of poison resistance (right hand)
 n - a ring of willpower
 v - a +4 ring of slaying (left hand)
 y - a ring of flight
 z - a ring of see invisible
 B - the amulet of Doho (around neck) {Reflect rElec Will+ SH+5}
   (You took it off a minotaur in a Gauntlet)

   [amulet of reflection]

   It reflects blocked missile attacks.
   rElec:     It insulates you from electricity.
   SH:        It affects your SH (+5).
   Will:      It increases your willpower.
 K - a ring of protection from cold
 O - a +4 ring of protection
 R - a ring of protection from cold
Wands
 C - a wand of mindburst (9)
 H - a wand of paralysis (17)
 M - a wand of flame (50)
 Q - a wand of digging (7)
 X - a wand of polymorph (13)
 Y - a wand of quicksilver (1)
Scrolls
 f - 2 scrolls of amnesia
 i - 7 scrolls of blinking
 j - a scroll of identify
 k - a scroll of enchant weapon
 p - 9 scrolls of teleportation
 t - 5 scrolls of poison
 u - 2 scrolls of magic mapping
 w - 2 scrolls of fog
 A - 2 scrolls of vulnerability
 E - 2 scrolls of fear
 F - a scroll of butterflies
Potions
 d - 4 potions of invisibility
 l - 4 potions of curing
 x - 7 potions of attraction
 D - 3 potions of resistance
 J - 3 potions of ambrosia
 N - 3 potions of haste
 P - 2 potions of might
 S - a potion of mutation
 V - 2 potions of cancellation
Miscellaneous
 G - a condenser vane
 W - a phantom mirror
 Z - a lightning rod (4/4)


   Skills:
 + Level 13.1 Fighting
 - Level 9.8(10.0) Short Blades
 - Level 2.2(6.6) Long Blades
 * Level 10.4 Ranged Weapons
 - Level 11.5 Armour
 + Level 11.5 Dodging
 - Level 4.6 Shields
 - Level 9.0 Spellcasting


You had 33 spell levels left.
You didn't know any spells.
Your spell library contained the following spells:

 Spells                   Type           Power      Damage    Failure   Level
 Foxfire                  Conj/Fire      20%        2x1d5     17%         1
 Kiss of Death            Conj/Necr      20%        2d7       17%         1
 Magic Dart               Conj           20%        1d4       17%         1
 Sandblast                Erth           10%        2d5       17%         1
 Summon Small Mammal      Summ           20%        N/A       17%         1
 Cigotuvi's Dreadful Rot  Necr/Pois/Air  10%        N/A       26%         2
 Lesser Beckoning         Tloc           10%        N/A       26%         2
 Passwall                 Tmut/Erth      4%         N/A       26%         2
 Poisonous Vapours        Pois/Air       10%        N/A       26%         2
 Searing Ray              Conj           10%        2d4       26%         2
 Static Discharge         Conj/Air       10%        2-3/arc   26%         2
 Call Canine Familiar     Summ           5%         N/A       45%         3
 Confusing Touch          Hex            5%         N/A       45%         3
 Gell's Gravitas          Tloc           5%         N/A       45%         3
 Inner Flame              Hex/Fire       5%         N/A       45%         3
 Mephitic Cloud           Conj/Pois/Air  5%         N/A       45%         3
 Portal Projectile        Hex/Tloc       10%        N/A       45%         3
 Stone Arrow              Conj/Erth      10%        3d7       45%         3
 Summon Guardian Golem    Hex/Summ       5%         N/A       45%         3
 Teleport Other           Tloc           5%         N/A       45%         3
 Tukima's Dance           Hex            5%         N/A       45%         3
 Vhi's Electric Charge    Tloc/Air       10%        N/A       45%         3
 Animate Dead             Necr           5%         N/A       86%         4
 Cause Fear               Hex            2%         N/A       86%         4
 Dispel Undead            Necr           5%         3d7       86%         4
 Fulminant Prism          Conj/Hex       2%         3d5       86%         4
 Olgreb's Toxic Radiance  Pois           5%         N/A       86%         4
 Passage of Golubria      Tloc           5%         N/A       86%         4
 Arcjolt                  Conj/Air       2%         1d12      99%         5
 Blade Hands              Tmut           2%         N/A       99%         5
 Borgnjor's Vile Clutch   Necr/Erth      2%         N/A       99%         5
 Fireball                 Conj/Fire      2%         3d4       99%         5
 Freezing Cloud           Conj/Ice/Air   2%         6-21      99%         5
 Irradiate                Conj/Tmut      2%         3d12      99%         5
 Plasma Beam              Fire/Air       2%         2x1d14    99%         5
 Summon Forest            Summ/Tloc      2%         N/A       99%         5
 Yara's Violent Unravell  Hex/Tmut       2%         3d3       99%         5
 Death Channel            Necr           2%         N/A       100%        6
 Eringya's Noxious Bog    Tmut/Pois      2%         N/A       100%        6
 Simulacrum               Ice/Necr       2%         N/A       100%        6
 Starburst                Conj/Fire      2%         6d3       100%        6
 Dragon Form              Tmut           2%         N/A       100%        7
 Enfeeble                 Hex            2%         N/A       100%        7
 Ozocubu's Refrigeration  Ice            2%         4d8       100%        7
 Summon Hydra             Summ           2%         N/A       100%        7
 Discord                  Hex            2%         N/A       100%        8
 Ignition                 Fire           2%         3d3       100%        8
 Polar Vortex             Ice            2%         N/A       100%        9


Dungeon Overview and Level Annotations

Branches:
Dungeon (15/15)            Temple (1/1) D:6            Lair (5/5) D:9
 Shoals (0/4) Lair:2       Spider (2/4) Lair:2        Slime (0/5) Lair:5
    Orc (2/2) D:12            Elf (0/3) Orc:2        Vaults (0/5) D:13
 Depths (0/4) D:15          Sewer (visited)         Gauntlet (visited)

Altars:
Ashenzari
Cheibriados
Dithmenos
Elyvilon
Fedhas
Gozag
Hepliaklqana
Kikubaaqudgha
Makhleb
Nemelex Xobeh
Okawaru
Qazlal
Ru
Sif Muna
Trog
Uskayaw
Vehumet
Wu Jian
Xom
Yredelemnul
Zin
The Shining One
Jiyva

Shops:
D:2 [   D:4 =   D:5 *(   D:10 ?   D:12 :   Orc:2 [*:?

Portals:
Pandemonium: Orc:2


Innate Abilities, Weirdness & Mutations

You have razor-sharp teeth.
Your natural rate of healing is unusually fast.
When hurt, damage is shared between your health and your magic reserves.
Your bite disrupts and absorbs the magic of your enemies.
Potions cannot restore your health.


Message History

You are too berserk!
You hit the emperor scorpion. You bite the emperor scorpion.
You drain its power.
You feel invigorated.
The emperor scorpion is moderately wounded.
* * * LOW HITPOINT WARNING * * *
You feel very sick.
Unknown command.
You puncture the emperor scorpion!
The emperor scorpion is heavily wounded.
* * * LOW HITPOINT WARNING * * *
You feel very sick. The redback completely misses you.
The emperor scorpion stings you!
* * * LOW HITPOINT WARNING * * *
The emperor scorpion completely misses you.
The emperor scorpion claws you but does no damage.
You are too berserk!
You are too berserk!
You are too berserk!
Unknown command.
You are too berserk!
Aiming: Wall Jump
Press: ? - help, Dir - move target You repeatedly attack the redback simulacrum from above.
You puncture the redback simulacrum!
The redback simulacrum is moderately damaged.
You puncture the redback simulacrum!
Lightning courses through the redback simulacrum!
The redback simulacrum vaporises!
You repeatedly attack the emperor scorpion from above.
You puncture the emperor scorpion! You bite the emperor scorpion!
You drain its power.
You feel invigorated.
The emperor scorpion is severely wounded.
You puncture the emperor scorpion!
You bite the emperor scorpion, but do no damage.
The emperor scorpion is almost dead.
You puncture the emperor scorpion!
The emperor scorpion is almost dead.
You hit the emperor scorpion. Your bite misses the emperor scorpion.
The emperor scorpion is almost dead.
You die...

#†...........##.## ..
#.....#.....##...####s..
##.#..#††#...##...#8....
#..#.....#........B...8.
.^.##.(###........#8...^
....#....#^......## ####
...##....#......##
....#...#####s.○##
........# ##Z○@#
......^## #ss## ..####.
#.## #.^ ###


You could see an emperor scorpion (soul bound), a jumping spider, a redback and
a redback simulacrum.

Vanquished Creatures
  Jorgrun (D:12)
  Rupert (Orc:2)
  Frances (Spider:1)
  Gastronok (Lair:3)
  A fire giant (D:11)
  Azrael (D:15)
  A minotaur (Gauntlet)
  Snorg (D:12)
  A fire dragon (D:11)
  2 entropy weavers
  A vault guard (D:13)
  A hydra (Lair:5)
  A radroach (Spider:1)
  5 boulder beetles
  4 centaur warriors
  2 ogre magi (D:11)
  A demonspawn (Orc:2)
  3 death knights
  2 two-headed ogres
  A tengu warrior (D:14)
  4 death yaks
  5 orc high priests (Orc:2)
  Urug (Lair:4)
  2 sun demons (Orc:2)
  3 skysharks
  A skeletal warrior (D:15)
  2 pharaoh ants (Spider:2)
  A spark wasp zombie (D:15)
  A glowing orange brain (Gauntlet)
  4 wizards (D:13)
  A flayed ghost (D:15)
  A lindwurm (Lair:3)
  3 deep elf pyromancers
  2 necromancers
  7 ugly things
  7 orc knights
  A tengu skeleton (D:15)
  8 wolf spiders
  9 orc sorcerers
  2 manticores
  A moth of wrath (Spider:2)
  7 cyclopes
  2 demonic crawlers (Spider:1)
  10 elephants
  4 black mambas (Lair:5)
  12 cane toads
  5 kobold demonologists
  2 orange demons (Orc:2)
  2 gargoyles
  3 torpor snails
  Psyche (D:9)
  3 rime drakes (Lair:3)
  7 komodo dragons
  An efreet (D:10)
  2 tengu conjurers
  A guardian mummy (D:15)
  6 trolls
  7 blink frogs
  2 hornets (Lair:5)
  2 polar bears (Lair:2)
  A meliai (shapeshifter) (D:15)
  A spriggan zombie (D:15)
  3 tarantellas
  11 jumping spiders
  A raiju (Gauntlet)
  A snapping turtle (Lair:2)
  9 culicivoras
  12 wyverns
  6 flying skulls (Gauntlet)
  Sigmund (D:5)
  3 fire elementals (D:15)
  5 wraiths
  A ynoxinul (Orc:2)
  19 humans (D:13)
  55 yaks
  2 basilisks (Lair:2)
  3 steam dragons
  24 redbacks
  8 vampire mosquitoes
  3 acid dragons
  5 wargs
  22 water moccasins
  41 orc warriors
  A human skeleton (D:15)
  A black bear (Lair:3)
  2 hell hounds (D:15)
  6 ogres
  2 ice beasts
  4 wolves (Lair:5)
  2 boggarts (D:11)
  18 centaurs
  2 phantoms
  4 kobold brigands
  6 bullfrogs
  A gnoll sergeant (D:9)
  3 scorpions
  7 wights
  14 killer bees
  3 electric eels
  12 howler monkeys
  2 vampire bats (D:6)
  2 jellies
  4 hounds
  26 orc priests
  A gnoll bouda (Orc:1)
  2 iguanas
  4 sleepcaps
  17 orc wizards
  3 gnolls (Orc:1)
  12 adders
  4 river rats
  2 white imps
  4 ufetubi
  2 worms
  A dart slug (D:3)
  105 orcs
  17 ball pythons
  9 endoplasms
  3 giant cockroaches
  6 goblins
  5 hobgoblins
  4 jackals
  23 kobolds
  5 quokkas
  12 bats
  7 frilled lizards
  9 rats
  A butterfly (Temple)
794 creatures vanquished.

Vanquished Creatures (others)
  A demonic plant (Gauntlet)
  12 fungi
  37 plants
  4 withered plants (D:15)
54 creatures vanquished.

Grand Total: 848 creatures vanquished

Notes
Turn   | Place    | Note
-------+----------+-------------------------------------------
     0 | D:1      | Illumine the Vine Stalker Fighter began the quest for the
                  | Orb.
     0 | D:1      | Reached XP level 1. HP: 11/11 MP: 2/2
   111 | D:1      | Found a faded altar of an unknown god.
   193 | D:1      | Reached XP level 2. HP: 16/16 MP: 3/3
  1216 | D:2      | Reached XP level 3. HP: 19/19 MP: 5/5
  1242 | D:2      | Identified the scarf of Starshine {shadows, Will+ Dex+3
                  | Slay+3}
  1297 | D:2      | Reached skill level 1 in Spellcasting
  1423 | D:2      | Found Womoeger's Armour Shoppe.
  1457 | D:2      | Reached skill level 3 in Fighting
  1901 | D:3      | Reached skill level 1 in Short Blades
  1901 | D:3      | Gained mutation: Your natural rate of healing is unusually
                  | fast. [Vine Stalker growth]
  1901 | D:3      | Reached XP level 4. HP: 24/24 MP: 7/7
  2672 | D:3      | Reached XP level 5. HP: 28/28 MP: 8/8
  2772 | D:4      | Noticed a phantom
  2777 | D:4      | Killed a phantom
  2925 | D:4      | Found Sevoar's Jewellery Shop.
  3040 | D:4      | Bought a ring of see invisible for 195 gold pieces
  3368 | D:4      | Reached XP level 6. HP: 32/32 MP: 10/10
  4001 | D:5      | Entered Level 5 of the Dungeon
  4025 | D:5      | Noticed Sigmund
  4093 | D:5      | Found Wafabb's Weapon Shop.
  4149 | D:5      | Found a white marble altar of Elyvilon.
  4178 | D:5      | Reached XP level 7. HP: 21/37 MP: 12/12
  4187 | D:5      | Killed Sigmund
  4188 | D:5      | Reached skill level 4 in Fighting
  4227 | D:5      | Found a blossoming altar of Fedhas.
  4299 | D:5      | Found a glowing drain.
  4310 | Sewer    | Entered a sewer
  4880 | D:5      | Gained mutation: You have razor-sharp teeth. [Vine Stalker
                  | growth]
  4880 | D:5      | Reached XP level 8. HP: 40/42 MP: 14/14
  4974 | D:5      | Found Heong's Fire Supplies.
  5403 | D:6      | Found a staircase to the Ecumenical Temple.
  5413 | Temple   | Entered the Ecumenical Temple
  5547 | D:6      | Reached skill level 1 in Dodging
  5784 | D:6      | Noticed a kobold demonologist
  5792 | D:6      | Reached skill level 5 in Fighting
  5802 | D:6      | Noticed a sixfirhy
  5805 | D:6      | Killed a kobold demonologist
  5806 | D:6      | Reached skill level 5 in Short Blades
  5806 | D:6      | Reached XP level 9. HP: 41/47 MP: 16/16
  5937 | D:6      | Found a broken altar of Ashenzari.
  5997 | D:6      | Found a basalt altar of Yredelemnul.
  6000 | D:6      | Found a stormy altar of Qazlal.
  6362 | D:7      | Identified the +7 flail "Baus Ice" {freeze, rPois Str+3}
  6493 | D:7      | Reached skill level 5 in Spellcasting
  6496 | D:7      | Reached skill level 5 in Armour
  6674 | D:7      | Found Pyham's Assorted Antiques.
  6786 | D:7      | Noticed a hornet
  6912 | D:7      | Found a sacrificial altar of Ru.
  7288 | D:8      | Reached XP level 10. HP: 45/53 MP: 19/19
  7293 | D:8      | Reached skill level 6 in Fighting
  8121 | D:9      | Noticed a two-headed ogre
  8281 | D:9      | Noticed Psyche
  8285 | D:9      | Killed Psyche
  8356 | D:9      | Found a staircase to the Lair.
  8512 | D:9      | Found an ornate altar of the Wu Jian Council.
  8785 | D:9      | Became a worshipper of the Wu Jian Council
  8910 | D:9      | Reached XP level 11. HP: 58/58 MP: 22/22
  8911 | D:9      | Noticed a cyan ugly thing
  9207 | Lair:1   | Entered Level 1 of the Lair of Beasts
  9607 | Lair:1   | Reached skill level 7 in Fighting
  9864 | Lair:1   | Reached skill level 5 in Dodging
 10170 | Lair:2   | Reached * piety under Wu Jian
 10430 | Lair:2   | Found a hole to the Spider Nest.
 10879 | Lair:2   | Reached XP level 12. HP: 64/64 MP: 24/24
 10922 | Lair:2   | Found a staircase to the Shoals.
 11099 | Lair:3   | Reached ** piety under Wu Jian
 11186 | Lair:3   | Reached skill level 8 in Fighting
 11324 | Lair:3   | Noticed a skyshark
 11355 | Lair:2   | Killed a skyshark
 11734 | Lair:3   | Noticed Gastronok
 11743 | Lair:3   | Killed Gastronok
 12387 | Lair:4   | Noticed a skyshark
 12429 | Lair:4   | Noticed Urug
 12517 | Lair:3   | Reached skill level 9 in Fighting
 12537 | Lair:4   | Killed Urug
 12543 | Lair:4   | Identified the +3 ring mail of Melancholy {Int+5}
 12578 | Lair:4   | Reached XP level 13. HP: 66/70 MP: 27/27
 12851 | Lair:4   | Reached *** piety under Wu Jian
 13483 | Lair:5   | Entered Level 5 of the Lair of Beasts
 13557 | Lair:5   | Found a staircase to the Slime Pits.
 13559 | Lair:5   | Found a viscous altar of Jiyva.
 13771 | Lair:5   | Reached skill level 10 in Fighting
 13923 | Lair:5   | Reached **** piety under Wu Jian
 14865 | D:10     | Entered Level 10 of the Dungeon
 14887 | D:10     | Found a shimmering blue altar of Sif Muna.
 14901 | D:10     | Reached XP level 14. HP: 72/77 MP: 28/28
 15123 | D:10     | Found an iron altar of Okawaru.
 15223 | D:10     | Reached ***** piety under Wu Jian
 15224 | D:10     | Reached skill level 10 in Armour
 15428 | D:10     | Reached skill level 11 in Fighting
 15435 | D:10     | Found the +27 heavy crossbow "Sniper" {heavy, Acc+∞ SInv}
 15529 | D:10     | Found Lowkum's Magic Scroll Shop.
 15758 | D:11     | Reached skill level 1 in Ranged Weapons
 15777 | D:11     | Found a gate leading to a gauntlet.
 15794 | Gauntlet | Entered a Gauntlet
 15794 | Gauntlet | Found a transporter.
 15805 | Gauntlet | Found a transporter.
 15817 | Gauntlet | Found a transporter.
 15817 | Gauntlet | Found a transporter.
 15826 | Gauntlet | Found a transporter.
 15842 | Gauntlet | Found a transporter.
 15853 | Gauntlet | Found a transporter.
 15870 | Gauntlet | Found a transporter.
 15870 | Gauntlet | Found a transporter.
 15875 | Gauntlet | Found a transporter.
 15903 | Gauntlet | Found a transporter.
 15913 | Gauntlet | Found a transporter.
 15981 | Gauntlet | Found a transporter.
 16016 | Gauntlet | Identified the +2 pair of gloves of the Bouncing Bounties
                  | {-Cast rF+ rC+ Str+3}
 16063 | Gauntlet | Identified the amulet of Doho {Reflect rElec Will+ SH+5}
 16598 | D:11     | Noticed a fire giant
 16608 | D:11     | Killed a fire giant
 16761 | D:11     | You fall into a shaft and drop 1 floor!
 16782 | D:12     | Found Awasam's Book Emporium.
 17121 | D:12     | Noticed Snorg
 17123 | D:12     | Noticed Jorgrun
 17128 | D:12     | Killed Snorg
 17139 | D:12     | Killed Jorgrun
 17541 | D:12     | Found a staircase to the Orcish Mines.
 17630 | D:12     | Reached skill level 5 in Ranged Weapons
 17650 | D:12     | Reached skill level 10 in Dodging
 17824 | Orc:1    | Entered Level 1 of the Orcish Mines
 18153 | Orc:2    | Entered Level 2 of the Orcish Mines
 18345 | Orc:2    | Found a staircase to the Elven Halls.
 18375 | Orc:2    | Reached XP level 15. HP: 84/84 MP: 29/29
 18568 | Orc:2    | Found Imuruny's General Store.
 18570 | Orc:2    | Found Mocvogg's Magic Scroll Boutique.
 18608 | Orc:2    | Bought 2 scrolls of identify for 72 gold pieces
 18682 | Orc:2    | Noticed Rupert
 18690 | Orc:2    | Killed Rupert
 19081 | Orc:2    | Reached skill level 12 in Fighting
 19158 | Orc:2    | Reached ****** piety under Wu Jian
 19227 | Orc:2    | Found Agaonip's Antique Armour Emporium.
 19227 | Orc:2    | Found Jamaur's Book Shoppe.
 19228 | Orc:2    | Found a one-way gate leading to the halls of Pandemonium.
 20141 | D:13     | Found a gate to the Vaults.
 20346 | D:13     | Found a glowing silver altar of Zin.
 20346 | D:13     | Noticed an angel
 20987 | D:14     | Found a blossoming altar of Fedhas.
 21660 | D:15     | Entered Level 15 of the Dungeon
 21691 | D:15     | Found a staircase to the Depths.
 21821 | D:15     | Reached XP level 16. HP: 90/90 MP: 30/30
 22051 | D:15     | Found a shadowy altar of Dithmenos.
 22109 | D:15     | Noticed Azrael
 22129 | D:15     | Killed Azrael
 22609 | D:4      | Bought a ring of poison resistance for 260 gold pieces
 22609 | D:4      | Bought an amulet of regeneration for 390 gold pieces
 22837 | Spider:1 | Entered Level 1 of the Spider Nest
 23300 | Spider:1 | Noticed Frances
 23315 | Spider:1 | Killed Frances
 23511 | Spider:1 | Reached skill level 13 in Fighting
 23516 | Spider:1 | Reached skill level 10 in Ranged Weapons
 24037 | Spider:2 | Succumbed to an emperor scorpion's poison

Illustrated notes

Levels and vault maps discovered:
D:1:      lightli_arrival_windingriver, layout_basic,
          ebering_ecumenical_altar_sacrificial, serial_corexii_hall,
          corexii_hall_statues_l, chequers_hall_statues_y,
          corexii_hall_statues_x, solitary_fountain, minmay_misc_feat_rugged,
          minmay_misc_feat_hallway
D:2:      layout_loops_ring, serial_shops, shop,
          amcnicky_mini_rare_corridor_liquid
D:3:      layout_loops_ring, minmay_misc_feat_pillars
D:4:      layout_layer_cave, serial_shops, shop
D:5:      layout_rooms, mainiacjoe_overflow_small_starburst,
          mainiacjoe_overflow_boulevard, serial_shops, shop,
          gup_sewer_entry_bowl, nicolae_shop_fire_sale [nicolae_sub_dead_trees],
          minivault_5, skrybe_limestone_x, minmay_door_square,
          chequers_decorated_corner, minmay_misc_feat_iff,
          kennysheep_generic_room_15, uniq_sigmund
D:6:      cheibrodos_barr_body, layout_rooms, lemuel_tele_altar,
          nicolae_overflow_squiral, minmay_temple_entry_butterflies,
          chequers_mini_garden, roderic_batcave, minmay_misc_feat_columns
D:7:      layout_loops_ring, kennysheep_mini, serial_shops, shop,
          grunt_tough_drop
D:8:      layout_basic, nicolae_benzene_ring
D:9:      minmay_clustersquares, layout_loops_ring, nzn_wu_jian_council_hall,
          minmay_misc_feat_encased, kennysheep_generic_room_12, uniq_psyche
D:10:     layout_cave_pools, mainiacjoe_overflow_24_doors,
          lemuel_coloured_pillars_altar, serial_shops, nicolae_square_shop,
          corexii_hall_statues_x, minmay_radiant
D:11:     layout_cave_pools, gauntlet_entry_generic, minmay_evil_grid
D:12:     layout_gridville, david_orc_5, nicolae_stop_n_shop_2, uniq_snorg,
          uniq_jorgrun
D:13:     layout_basic, grunt_vaults_entry_tiered, serial_corexii_hall,
          chequers_hall_statues_corner_a, chequers_hall_statues_wall_a,
          chequers_hall_statues_corner_a, zin_angel
D:14:     layout_basic, fedhas_altar_3
D:15:     gammafunk_depths_entry_grave, layout_rooms,
          nicolae_dithmenos_shadow_blocks, uniq_azrael
Temple:   dshaligram_water_room_temple
Lair:1:   layout_loops_ring
Lair:2:   layout_roguey, minmay_shoals_entry_hut, spider_nest_entry_funnel_web,
          lemuel_fruit_fields
Lair:3:   layout_hall_layers, grunt_megastairs_4, uniq_gastronok
Lair:4:   layout_misc_corridors, grunt_megastairs_5, infiniplex_staircase_pool,
          serial_bayou_shore_b, uniq_urug
Lair:5:   hangedman_lair_tendril_chambers, layout_small_grid,
          nicolae_slime_entry_slimehenge
Spider:1: nicolae_spider_mines_1, nicolae_spider_eight_legs, uniq_frances
Spider:2: nicolae_spider_hall_of_the_moth_king
Orc:1:    layout_caves
Orc:2:    pf_orc_diabolical, layout_caves, basic_altar, uniq_rupert

Skill      XL: |  1  2  3  4  5  6  7  8  9 10 11 12 13 14 15 16 |
---------------+-------------------------------------------------+-----
Long Blades    | 2 |  2.2
Spellcasting   | 1 2 3 4 5 6 7 9 |  9.0
Fighting       | 3 4 5 6 7 9 10 11 12 13 | 13.1
Shields        | 3 4 |  4.6
Short Blades   | 1 2 3 5 6 8 9 |  9.8
Armour         | 3 4 5 6 7 8 9 10 11 | 11.5
Dodging        | 2 3 4 5 7 9 10 11 | 11.5
Ranged Weapons | 5 8 10 | 10.4

Action                     |  1- 3 |  4- 6 |  7- 9 | 10-12 | 13-15 | 16-18 || total
---------------------------+-------+-------+-------+-------+-------+-------++-------
  Melee: Long sword        |    21 |       |       |       |       |       ||    21
         Dagger            |    59 |    90 |   257 |   475 |   977 |   250 ||  2108
         Bite              |    12 |    25 |    78 |   196 |   426 |   114 ||   851
         Punch             |       |       |       |       |     8 |     6 ||    14
   Fire: Heavy crossbow    |       |       |       |       |   119 |    27 ||   146
 Invoke: Heavenly Storm    |       |       |       |       |     1 |     1 ||     2
Ability: Lunge             |       |       |       |    19 |    61 |    10 ||    90
         Whirlwind         |       |       |       |     5 |    37 |     9 ||    51
         Wall Jump         |       |       |       |       |     3 |     1 ||     4
  Evoke: Wand              |       |       |       |       |     1 |       ||     1
         Condenser vane    |       |       |       |       |     1 |       ||     1
    Use: Scroll            |       |     6 |     7 |    10 |    15 |       ||    38
         Potion            |       |       |       |     2 |     6 |     2 ||    10
   Stab: Confused          |       |       |       |       |     6 |       ||     6
         Distracted        |       |       |       |       |       |     1 ||     1
 Armour: Scale mail        |    27 |    21 |    83 |    11 |       |       ||   142
         Acid dragon scale |       |       |       |    61 |       |       ||    61
         Ring mail         |       |       |       |       |   156 |    71 ||   227
  Dodge: Dodged            |    32 |    16 |    96 |   193 |   400 |   200 ||   937
  Block: Buckler           |    17 |    18 |    59 |   185 |    90 |       ||   369
         Reflection        |       |       |       |     3 |    15 |       ||    18
         Other             |       |       |       |       |    83 |    51 ||   134

Table legend: (Time is in decaauts)
 A = Elapsed time spent in this place.
 B = Non-inter-level travel time spent in this place.
 C = Inter-level travel time spent in this place.
 D = Time resting spent in this place.
 E = Time spent auto-exploring this place.
 F = Levels seen in this place.
 G = Mean time per level.
                   A        B        C        D        E       F      G
               +--------+--------+--------+--------+--------+-----+--------+
         Total |  23732 |  22020 |   1712 |   1121 |  16367 |  27 |  879.0 |
       Dungeon |  14339 |  13246 |   1093 |    299 |  10531 |  15 |  955.9 |
        Temple |    112 |    112 |      0 |      0 |     75 |   1 |  112.0 |
          Lair |   5501 |   5082 |    419 |    422 |   3728 |   5 | 1100.2 |
   Spider Nest |   1136 |   1128 |      8 |    122 |    727 |   2 |  568.0 |
  Orcish Mines |   1801 |   1611 |    190 |    240 |    859 |   2 |  900.5 |
         Sewer |    397 |    397 |      0 |      0 |    242 |   1 |  397.0 |
      Gauntlet |    444 |    444 |      0 |     37 |    204 |   1 |  444.0 |
               +--------+--------+--------+--------+--------+-----+--------+

Top non-repeatable levels by time:
     D:4: 1452 daAuts
  Lair:3: 1323 daAuts
   Orc:2: 1245 daAuts
  Lair:2: 1169 daAuts
  Lair:5: 1157 daAuts
    D:13: 1150 daAuts
     D:9: 1076 daAuts
     D:1: 1051 daAuts
     D:8: 1039 daAuts
     D:5: 1035 daAuts
    D:12: 958 daAuts
  Lair:1: 953 daAuts
    D:14: 930 daAuts
  Lair:4: 897 daAuts
Spider:1: 888 daAuts
